Yev-Ruu, chaotic female vampiric Convict ---------------- --------- |%..............#### |........#### #...............| # |.......| # #|...<..........| ##-.......| # #---------.------ --------- ## | # # ## .| # ## .... ### ###...| @# # ## ---- _ ------### ############ ### |.....# # # ------ # |....| # ###|....|### |...%| ##### # #.....|# |....| # # |....## ------ ########### # |....|# % -----|--------# |.....# #%#|............|# ------ #-............-# -.------------ # Yev-Ruu the Jail-bird Experience level: 9 Strength: 15 Dexterity: 12 Constitution: 20 Intelligence: 12 Wisdom: 12 Charisma: 8 Health: 102(112) Energy: 59(59) AC: 1 Gold: 166 Moves: 5256 Your Inventory: Coins $ - 166 gold pieces Amulets B - an uncursed convex amulet [of ESP] Armor b - a cursed +0 striped shirt (being worn) i - an [uncursed] +0 leather jacket (being worn) j - an [uncursed] +0 cloak of displacement (being worn) l - an [uncursed] burnt +0 elven shield (being worn) m - a cursed +0 pair of low boots (being worn) z - an uncursed +0 cloak of invisibility N - a blessed +2 iron skull cap [of drain resistance (orcish helm)] (being worn) T - an [uncursed] +1 pair of gloves called Reg [leather] (being worn) Comestibles D - an uncursed Hyper Futa Mare Dick named My Lucky Scrolls d - a cursed scroll of magic mapping r - 4 uncursed unlabeled scrolls [of blank paper] Potions R - an [uncursed] milky potion [of gain energy] Rings K - an uncursed +2 ring of adornment Wands s - a cursed wand of striking (0:3) Tools a - an uncursed [+0] unicorn horn h - an uncursed tin whistle n - a cursed lock pick q - an uncursed tin opener x - an uncursed skeleton key P - an [uncursed] expensive camera [0:80] Gems p - 2 uncursed blue gems [worthless glass] w - an uncursed black gem [worthless glass] A - a cursed orange gem [agate] C - a cursed stone called Flintluck [flint] H - an uncursed green gem [jade] I - an uncursed red gem [jasper] J - an uncursed white gem [diamond] Iron balls c - an uncursed rusty heavy iron ball (chained to you) (weapon in hand) Spells known in the end: Name Level Category Fail Memory Your skills at the end: Fighting Skills Weapon Skills flail [Basic / Expert] sling [Basic / Skilled] Spellcasting Skills Final Attributes: You were piously aligned. Hunger level was 46. Your alignment was 35 / 36. Monster difficulty range was 0 - 7. Level difficulty was 5. You were immune to poison. You were immune to level-drain. You were immune to sickness. You were punished. You were displaced. You could fly. You could survive without air. You regenerated. You were very unlucky (-9). Tymora was angry with you (3). You are dead. Vanquished creatures: a stone giant a leather golem an incubus a giant beetle 2 quivering blobs a gnome king a lizard a dog a dingo a blue jelly a gray unicorn a fire ant a mountain nymph 3 ponies 2 yellow lights 7 gnome lords 3 gnomish wizards a kobold mummy 2 ghouls a straw golem a paper golem a giant ant 2 floating eyes 11 dwarves 10 hill orcs 3 rabid rats a giant bat an orc zombie 2 iguanas an acid blob a gas spore 5 hobbits 2 manes 2 hobgoblins 3 giant rats 2 cave spiders 2 yellow molds a red mold 36 gnomes 4 garter snakes 2 gnome zombies 3 geckos 5 jackals 2 foxes a goblin 4 sewer rats 10 grid bugs a lichen 3 kobold zombies 5 newts 160 creatures vanquished. Voluntary challenges: You went without food. You never hit with a wielded weapon. You read items or engraved 2 times. You put on armor 9 times. You never genocided any monsters. You never polymorphed an object. You never changed form. You used no wishes. You abstained from Elbereth's help. You never encountered a bones level. You never used any Sokoban shortcuts. Dungeon overview: The Dungeons of Doom: levels 1 to 5 Level 1 some fountains a long staircase Level 3 a general store stairs to The Gnomish Mines Level 4 a general store, an altar, a sink Level 5 <- You were here The Gnomish Mines: levels 4 to 9 Level 4 stairs to The Dungeons of Doom History has recorded: On T:1 you entered the Dungeons of Doom to retrieve the Amulet of Yendor! On T:655 you reached level 2 of The Dungeons of Doom. On T:659 you advanced to experience level 2. On T:781 you advanced to experience level 3. On T:1017 you reached level 3 of The Dungeons of Doom. On T:1064 you reached level 1 of The Gnomish Mines. On T:1068 you advanced to experience level 4. On T:1372 you advanced to experience level 5. On T:1533 you reached level 4 of The Dungeons of Doom. On T:1793 you advanced to experience level 6. On T:2103 you reached level 2 of The Gnomish Mines. On T:2194 you advanced to experience level 7. On T:2655 you reached level 3 of The Gnomish Mines. On T:2826 you reached level 4 of The Gnomish Mines. On T:3171 you advanced to experience level 8. On T:3192 you reached level 6 of The Gnomish Mines. On T:3198 you reached level 5 of The Gnomish Mines. On T:4828 you advanced to experience level 9. On T:5019 you reached level 5 of The Dungeons of Doom. Latest messages: You feel foolish! [3 turns] You are already wielding that! You begin praying to Tymora. You finish your prayer. The voice of Tymora booms: "Thou hast angered me." A black glow surrounds you. Your orange gem glows with a black aura. Your lock pick glows with a black aura. Your wand of striking glows with a black aura. Your pair of low boots glows with a black aura. Your scroll of magic mapping glows with a black aura. Your stone called Flintluck glows with a black aura. [3 turns] You begin praying to Tymora. You finish your prayer. The voice of Tymora rings out: "Thou hast angered me." Suddenly, a bolt of lightning strikes you! Your curved wand breaks apart and explodes! You fry to a crisp. Final status: Goodbye Yev-Ruu the Convict... You died in The Dungeons of Doom on dungeon level 5 with 6460 points, and 166 pieces of gold, after 5256 moves. You were level 9 with a maximum of 112 hit points when you died.